 Dungeon Crawl Stone Soup version 0.29-a0-477-g62b78b4225 (webtiles) character file.

Game seed: 8311603789639730143

676 YayAnonymity the Shield-Bearer (level 7, -8/60 HPs)
             Began as a Gnoll Fighter on May 25, 2022.
             Mangled by Duvessa
             ... wielding a +0 rapier
              (16 damage)
             ... on level 5 of the Dungeon.
             The game lasted 00:06:56 (3875 turns).

YayAnonymity the Shield-Bearer (Gnoll Fighter)      Turns: 3875, Time: 00:06:56

Health: -8/60      AC: 14    Str: 23    XL:     7   Next: 60%
Magic:  0/10       EV:  8    Int:  8    God:
Gold:   1116       SH:  5    Dex: 11    Spells: 11/11 levels left

rFire   . . .      SeeInvis .   a - +0 war axe
rCold   . . .      Faith    .   c - +0 buckler
rNeg    . . .      Spirit   +   A - +0 chain mail
rPois   .          Reflect  .   (no helmet)
rElec   .          Harm     .   x - +0 cloak
rCorr   .          Rampage  .   v - +1 pair of gloves
Will    .....                   (no boots)
Stlth   ..........              w - amulet of guardian spirit
HPRegen 0.20/turn               p - +6 ring of strength
MPRegen 0.12/turn               (no ring)

@: mighty
A: fangs 1, strong nose, distributed training
a: no special abilities


You were on level 5 of the Dungeon.
You visited 1 branch of the dungeon, and saw 5 of its levels.

You collected 1116 gold pieces.

Inventory:

Hand Weapons
 a - a +0 war axe (weapon)
 r - a +5 dagger
Missiles
 m - 11 poisoned darts (quivered)
Armour
 c - a +0 buckler (worn)
 v - a +1 pair of gloves (worn)
 x - a +0 cloak (worn)
 A - a +0 chain mail (worn)
Jewellery
 k - a ring of ice
 p - a +6 ring of strength (left hand)
 w - an amulet of guardian spirit (around neck)
Wands
 e - a wand of acid (7)
Scrolls
 f - 3 scrolls of teleportation
 g - a scroll of poison
 h - a scroll of blinking
 j - 2 scrolls of magic mapping {unknown}
 l - a scroll of acquirement
Potions
 b - a potion of magic {unknown}
 i - 2 potions of attraction
 o - a potion of mutation
 q - 3 potions of curing
 s - 2 potions of haste
 t - 2 potions of berserk rage
 z - 3 potions of heal wounds {unknown}
 B - a potion of flight {unknown}
 C - a potion of resistance {unknown}


   Skills:
 + Level 7.1 Fighting
 + Level 2.6 Short Blades
 + Level 2.6 Long Blades
 + Level 5.3 Axes
 + Level 2.6 Maces & Flails
 + Level 2.6 Polearms
 + Level 2.6 Staves
 + Level 2.6 Slings
 + Level 2.6 Bows
 + Level 2.6 Crossbows
 + Level 2.6 Throwing
 + Level 7.1 Armour
 + Level 2.6 Dodging
 + Level 2.6 Stealth
 + Level 7.1 Shields
 + Level 2.6 Unarmed Combat
 + Level 2.6 Spellcasting
 + Level 2.1 Conjurations
 + Level 2.1 Hexes
 + Level 2.1 Summonings
 + Level 2.1 Necromancy
 + Level 2.1 Translocations
 + Level 2.1 Transmutations
 + Level 2.1 Fire Magic
 + Level 2.1 Ice Magic
 + Level 2.1 Air Magic
 + Level 2.1 Earth Magic
 + Level 2.1 Poison Magic
 + Level 2.9 Invocations
 + Level 2.6 Evocations


You had 11 spell levels left.
You didn't know any spells.
Your spell library contained the following spells:

 Spells                   Type           Power      Damage    Failure   Level
 Sublimation of Blood     Necr           4%         N/A       87%         2
 Wereblood                Tmut           4%         N/A       87%         2
 Summon Hydra             Summ           2%         N/A       100%        7


Dungeon Overview and Level Annotations

Branches:
Dungeon (5/15)
 Temple: D:4-7

Altars:
Gozag

Shops:
D:4 ((((*

Annotations:
D:5 Duvessa


Innate Abilities, Weirdness & Mutations

You have very sharp teeth.
Your uncanny sense of smell can sniff out nearby items.
Your experience applies equally to all skills.


Message History

Duvessa is lightly wounded.
You slash the phantom! Duvessa hits you but does no damage.
The phantom hits you but does no damage.
You block Duvessa's attack.
You closely miss the phantom.
The phantom is moderately damaged.
You hit Duvessa. Duvessa hits you with a +0 rapier! The phantom hits you.
Duvessa hits you but does no damage.
You closely miss the phantom.
The phantom is moderately damaged.
You hit Duvessa but do no damage. Duvessa hits you with a +0 rapier.
The phantom hits you but does no damage.
You closely miss the phantom.
The phantom is moderately damaged.
You hit Duvessa but do no damage. Duvessa hits you with a +0 rapier!
The phantom hits you but does no damage.
Duvessa completely misses you. The phantom hits you.
You are too injured to fight recklessly!
You are too injured to fight recklessly!
You barely miss Duvessa.
Duvessa is lightly wounded.
You barely miss the phantom. Duvessa barely misses you.
Duvessa closely misses you.
The phantom hits you but does no damage.
You slash Duvessa!
Duvessa is moderately wounded.
You hit the phantom. You block Duvessa's attack.
Duvessa hits you with a +0 rapier.
The phantom hits you but does no damage.
You slash Duvessa!
Duvessa is heavily wounded.
You closely miss the phantom. You block Duvessa's attack.
The phantom hits you but does no damage.
Duvessa hits you with a +0 rapier!
* * * LOW HITPOINT WARNING * * *
You feel very mighty all of a sudden. Duvessa hits you with a +0 rapier.
* * * LOW HITPOINT WARNING * * *
You block the phantom's attack. Duvessa hits you with a +0 rapier!
You die...

#. .. #.##.# .#
.#
#.#...####.##.##
#......#.......#
#..............##
#................
#..........>.....
#.........W......
#........@e......
#...............#
#...............#
####.#.###.##...#
#.#.# .# .##
#.#.# ## # #.#.#
#.#.# #.#.#


You could see Duvessa (berserk) and a phantom.

Vanquished Creatures
  A black bear (D:4)
  An ogre (D:5)
  3 scorpions
  Dowan (D:5)
  A howler monkey (D:4)
  2 jellies
  An orc priest (D:4)
  2 iguanas
  An orc wizard (D:4)
  An adder (D:3)
  A worm (D:2)
  9 orcs
  2 ball pythons
  3 endoplasms
  A giant cockroach (D:4)
  9 goblins
  8 hobgoblins
  2 quokkas
  4 bats
  2 frilled lizards
  7 kobolds
  3 rats
65 creatures vanquished.

Notes
Turn   | Place    | Note
-------+----------+-------------------------------------------
     0 | D:1      | YayAnonymity the Gnoll Fighter began the quest for the Orb.
     0 | D:1      | Reached XP level 1. HP: 23/23 MP: 1/1
   411 | D:1      | Reached XP level 2. HP: 28/29 MP: 2/2
  1050 | D:2      | Reached XP level 3. HP: 35/35 MP: 3/3
  1538 | D:3      | Reached skill level 1 in Invocations
  1728 | D:3      | Reached skill level 1 in Short Blades
  1728 | D:3      | Reached skill level 1 in Long Blades
  1728 | D:3      | Reached skill level 1 in Maces & Flails
  1728 | D:3      | Reached skill level 1 in Polearms
  1728 | D:3      | Reached skill level 1 in Staves
  1728 | D:3      | Reached skill level 1 in Slings
  1728 | D:3      | Reached skill level 1 in Bows
  1728 | D:3      | Reached skill level 1 in Crossbows
  1728 | D:3      | Reached skill level 1 in Throwing
  1728 | D:3      | Reached skill level 1 in Dodging
  1728 | D:3      | Reached skill level 1 in Stealth
  1728 | D:3      | Reached skill level 1 in Unarmed Combat
  1728 | D:3      | Reached skill level 1 in Spellcasting
  1728 | D:3      | Reached skill level 1 in Evocations
  1747 | D:3      | Reached XP level 4. HP: 41/41 MP: 5/5
  2145 | D:4      | Found Hathav's Antique Weapon Shop.
  2176 | D:4      | Found Kezewareo's Antique Weapon Emporium.
  2222 | D:4      | Reached skill level 1 in Conjurations
  2222 | D:4      | Reached skill level 1 in Hexes
  2222 | D:4      | Reached skill level 1 in Summonings
  2222 | D:4      | Reached skill level 1 in Necromancy
  2222 | D:4      | Reached skill level 1 in Translocations
  2222 | D:4      | Reached skill level 1 in Transmutations
  2222 | D:4      | Reached skill level 1 in Fire Magic
  2222 | D:4      | Reached skill level 1 in Ice Magic
  2222 | D:4      | Reached skill level 1 in Air Magic
  2222 | D:4      | Reached skill level 1 in Earth Magic
  2222 | D:4      | Reached skill level 1 in Poison Magic
  2403 | D:4      | Noticed a black bear
  2411 | D:4      | Killed a black bear
  2412 | D:4      | Reached XP level 5. HP: 46/47 MP: 5/7
  2625 | D:4      | Found an opulent altar of Gozag.
  2736 | D:4      | Reached XP level 6. HP: 40/53 MP: 6/8
  2928 | D:4      | Reached skill level 5 in Axes
  2967 | D:4      | Found Hefo's Assorted Antiques.
  3331 | D:4      | Found Iro Esit's Weapon Emporium.
  3441 | D:4      | Reached XP level 7. HP: 59/59 MP: 10/10
  3441 | D:4      | Found Vacuosu's Weapon Shop.
  3491 | D:5      | Entered Level 5 of the Dungeon
  3555 | D:5      | Identified 2 scrolls of acquirement
  3555 | D:5      | Acquired 919 gold pieces
  3669 | D:5      | Noticed Dowan
  3713 | D:5      | Killed Dowan
  3861 | D:5      | Noticed Duvessa
  3875 | D:5      | Mangled by Duvessa

Illustrated notes

Levels and vault maps discovered:
D:1:      dpeg_arrival_simpleton_a, layout_basic
D:2:      layout_basic
D:3:      layout_basic, chequers_serial_rivers_small_3
D:4:      layout_basic, overflow_temple_1_default, serial_shops, shop,
          nicolae_take_the_stairs, nicolae_shop_bloodbath_and_beyond,
          nicolae_shop_advertising_works [nicolae_subvault_shop_adworks],
          shop_statue, kennysheep_generic_room_11
D:5:      layout_loops_ring, lightli_temple_of_fire, led_sif_pool, uniq_duvessa,
          uniq_sigmund, uniq_eustachio

Skill      XL: |  1  2  3  4  5  6  7 |
---------------+----------------------+-----
Invocations    | 1 2 |  2.9
Short Blades   | 1 2 |  2.6
Long Blades    | 1 2 |  2.6
Maces & Flails | 1 2 |  2.6
Polearms       | 1 2 |  2.6
Staves         | 1 2 |  2.6
Slings         | 1 2 |  2.6
Bows           | 1 2 |  2.6
Crossbows      | 1 2 |  2.6
Throwing       | 1 2 |  2.6
Dodging        | 1 2 |  2.6
Stealth        | 1 2 |  2.6
Unarmed Combat | 1 2 |  2.6
Spellcasting   | 1 2 |  2.6
Evocations     | 1 2 |  2.6
Conjurations   | 1 2 |  2.1
Hexes          | 1 2 |  2.1
Summonings     | 1 2 |  2.1
Necromancy     | 1 2 |  2.1
Translocations | 1 2 |  2.1
Transmutations | 1 2 |  2.1
Fire Magic     | 1 2 |  2.1
Ice Magic      | 1 2 |  2.1
Air Magic      | 1 2 |  2.1
Earth Magic    | 1 2 |  2.1
Poison Magic   | 1 2 |  2.1
Axes           | 5 |  5.3
Fighting       | 7 |  7.1
Armour         | 7 |  7.1
Shields        | 7 |  7.1

Action                   |  1- 3 |  4- 6 |  7- 9 || total
-------------------------+-------+-------+-------++-------
Melee: War axe           |   120 |    79 |    33 ||   232
       Bite              |    11 |    11 |     3 ||    25
  Use: Scroll            |       |       |    15 ||    15
       Potion            |       |       |     1 ||     1
Armor: Scale mail        |    47 |     6 |       ||    53
       Chain mail        |       |    28 |    19 ||    47
Dodge: Dodged            |    47 |    37 |    17 ||   101
Block: Buckler           |    37 |    22 |    10 ||    69

Table legend: (Time is in decaauts)
 A = Elapsed time spent in this place.
 B = Non-inter-level travel time spent in this place.
 C = Inter-level travel time spent in this place.
 D = Time resting spent in this place.
 E = Time spent auto-exploring this place.
 F = Levels seen in this place.
 G = Mean time per level.
                   A        B        C        D        E       F      G
               +--------+--------+--------+--------+--------+-----+--------+
         Total |   3945 |   3776 |    169 |    119 |   2928 |   5 |  789.0 |
       Dungeon |   3945 |   3776 |    169 |    119 |   2928 |   5 |  789.0 |
               +--------+--------+--------+--------+--------+-----+--------+

Top non-repeatable levels by time:
     D:4: 1415 daAuts
     D:1: 848 daAuts
     D:3: 723 daAuts
     D:2: 613 daAuts
     D:5: 343 daAuts
